Monsters vs Wild

Created - Tuesday, January 19, 2016 at 00:17

Goals
1 2 3 T
Monsters 1 0 0 1
Wild 2 1 2 5
Shots
1 2 3 T
Monsters 8 11 16 35
Wild 8 6 8 22

1st period

1. Wild , Garrett Mitchell 1 (Francis Wathier, Mark Van Guilder) at 2:10
2. Wild , Micheal Haley 5 (Dan Catenacci, David Wolf) at 12:41
3. Monsters , Austin Watson 5 (Troy Rutkowski) at 17:23

Penalties :
Jon Landry (IOW) for Fighting (Major) at 9:49, Austin Watson (LEM) for Fighting (Major) at 9:49, Jon Landry (IOW) for instigated a fight (Minor) at 9:49, Jon Landry (IOW) for instigated a fight (10 Minutes Misconduct) at 9:49, Colin Stuart (IOW) for Fighting (Major) at 13:53, Jeff Hoggan (LEM) for Fighting (Major) at 13:53, Anthony Camara (IOW) for Tripping (Minor) at 15:00

2nd period

4. Wild , Micheal Haley 6 (David Wolf) at 9:40

Penalties :
Francis Wathier (IOW) for Fighting (Major) at 1:45, Jeff Hoggan (LEM) for Fighting (Major) at 1:45, Steve Eminger (IOW) for Fighting (Major) at 9:20, Troy Rutkowski (LEM) for Fighting (Major) at 9:20, Jani Hakanpaa (IOW) for Fighting (Major) at 9:47, Mitch Callahan (LEM) for Fighting (Major) at 9:47, Jon Landry (IOW) for Fighting (Major) at 11:34, Jeff Hoggan (LEM) for Fighting (Major / Game Misconduct) at 11:34, Jerome Leduc (IOW) for Fighting (Major) at 11:39, Austin Watson (LEM) for Fighting (Major) at 11:39

3rd period

5. Wild , Jerome Leduc 3 (Garrett Mitchell, Mike Moore) at 10:18
6. Wild , Steve Eminger 2 (Colin Stuart, Micheal Haley) at 15:20 (SH)

Penalties :
Steven Pinizzotto (LEM) for Tripping (Minor) at 7:27, Garrett Mitchell (IOW) for Hooking (Minor) at 10:43, Anthony Camara (IOW) for Interference (Minor) at 14:38, Colin Stuart (IOW) for Fighting (Major) at 17:41, Austin Watson (LEM) for Fighting (Major / Game Misconduct) at 17:41

Goalie Stats

FARM GOALIE2 (LEM), 17 saves from 22 shots - (0.773), L, 0-14-0, 60:00 minutes
Doug Carr (IOW), 34 saves from 35 shots - (0.971), W, 6-4-3, 60:00 minutes

Players Stats for Monsters

Player Name              G  A  P  +/- PIM S  H  SB GA TA FO     MP     PP MP  PK MP  
------------------------------------------------------------------------------------
Austin Watson            1  0  1   0  25  2  1  1  1  0  5/17   19:30   2:47   1:00 
Blair Riley              0  0  0   0  0   1  0  0  0  0  0/0    10:53   0:00   0:33 
Brandon Montour          0  0  0  -1  0   5  2  1  2  5  0/0    21:27   4:12   0:50 
Cal O'Reilly             0  0  0  -2  0   2  1  1  3  2  2/10   22:52   3:41   0:26 
Charles Hudon            0  0  0   0  0   0  3  0  2  0  1/5    15:36   1:03   0:00 
Chase Balisy             0  0  0   0  0   1  0  0  0  0  0/0     7:40   0:25   0:17 
FARM PLAYER13            0  0  0   0  0   0  0  1  0  1  1/1    14:30   0:00   1:02 
Jeff Hoggan              0  0  0  -2  25  0  0  0  0  0  0/0     4:28   0:00   0:00 
Jordan Weal              0  0  0  -1  0   2  0  1  1  3  3/8    12:49   0:00   0:00 
Kris Fredheim            0  0  0  -2  0   2  3  0  0  4  0/0    26:05   3:44   1:09 
Matt MacKenzie           0  0  0  -2  0   1  2  0  1  3  0/0    21:54   4:12   0:50 
Mitch Callahan           0  0  0   0  5   5  1  0  4  0  0/1    15:50   4:15   0:00 
Quinton Howden           0  0  0  -3  0   0  3  0  1  0  0/0    17:18   3:41   0:00 
Scott Timmins            0  0  0  -1  0   3  1  0  0  0  2/5    11:07   0:00   0:40 
Steven Pinizzotto        0  0  0   0  2   3  0  2  5  3  0/1    18:57   4:15   0:00 
Trevor van Riemsdyk      0  0  0  -2  0   1  2  4  4  2  0/0    26:48   3:44   1:09 
Troy Rutkowski           0  1  1  -1  5   3  0  1  0  2  0/0    11:44   0:00   0:00 
Viktor Arvidsson         0  0  0  -3  0   4  2  0  1  0  0/0    18:24   3:41   0:00 

Players Stats for Wild

Player Name              G  A  P  +/- PIM S  H  SB GA TA FO     MP     PP MP  PK MP  
------------------------------------------------------------------------------------
Alex Friesen             0  0  0   0  0   1  2  0  3  0  4/5    13:44   1:01   2:11 
Anthony Camara           0  0  0   0  4   1  1  0  1  0  0/0    14:10   0:00   0:00 
Cam Janssen              0  0  0   0  0   0  2  0  0  0  0/0     9:58   0:00   0:00 
Colin Stuart             0  1  1   1  10  0  2  0  4  1  1/1    11:32   0:58   0:59 
Dan Catenacci            0  1  1   1  0   2  1  0  0  0  1/1    17:58   0:58   0:52 
David Wolf               0  2  2   1  0   5  2  0  5  0  9/13   14:26   0:00   0:00 
Devin Shore              0  0  0   0  0   1  0  0  4  2  10/14  19:52   0:00   4:44 
Francis Wathier          0  1  1   2  5   0  1  0  0  0  1/1    11:01   0:00   0:17 
Garrett Mitchell         1  1  2   2  2   1  2  0  2  0  0/0    10:59   0:00   0:00 
Jani Hakanpaa            0  0  0   3  5   1  0  1  0  1  0/0    14:39   0:00   0:00 
Jerome Leduc             1  0  1   2  5   1  2  1  0  0  0/0    21:55   0:00   1:46 
Jon Landry               0  0  0   1  22  0  0  1  0  0  0/0    11:38   0:46   1:18 
Julius Honka             0  0  0   1  0   0  2  3  0  2  0/0    22:32   1:13   4:52 
Mark Van Guilder         0  1  1   2  0   0  1  2  6  1  5/7    17:12   0:58   5:16 
Michael Keranen          0  0  0   0  0   2  2  0  3  0  2/3    15:37   1:01   0:00 
Micheal Haley            2  1  3   2  0   3  5  0  1  1  1/3    17:29   1:01   1:33 
Mike Moore               0  1  1   1  0   1  3  2  1  1  0/0    23:59   0:46   3:44 
Steve Eminger            1  0  1   0  5   3  1  3  1  3  0/0    23:12   1:13   4:12 

3 Stars

1 - Micheal Haley (IOW)
2 - Doug Carr (IOW)
3 - Garrett Mitchell (IOW)

Power Play

Monsters - 0 on 4 Attempt(s) - 0.00%
Wild - 0 on 1 Attempt(s) - 0.00%

Penalty Kill

Monsters - 1 on 1 Attempt(s) - 100.00% - Score 0 goal in Penalty Kill
Wild - 4 on 4 Attempt(s) - 100.00% - Score 1 goal in Penalty Kill

Team Stat

Monsters - Hits : 21 - Faceoff Wins : 14 - Blocked Shots : 12 - Penalty Minutes : 62
Wild - Hits : 29 - Faceoff Wins : 34 - Blocked Shots : 13 - Penalty Minutes : 58

Official

Referees : Unknown
Linesman : Unknown

Game Notes

Jon Landry and Austin Watson fight to a draw at 9:49 of 1st period
Colin Stuart beats up Jeff Hoggan at 13:53 of 1st period
Jeff Hoggan beats up Francis Wathier at 1:45 of 2nd period
Steve Eminger and Troy Rutkowski fight to a draw at 9:20 of 2nd period
Mitch Callahan beats up Jani Hakanpaa at 9:47 of 2nd period
Jeff Hoggan beats up Jon Landry at 11:34 of 2nd period
Jeff Hoggan ejected from game at 11:34 of 2nd period
Jerome Leduc beats up Austin Watson at 11:39 of 2nd period
Colin Stuart and Austin Watson fight to a draw at 17:41 of 3rd period
Austin Watson ejected from game at 17:41 of 3rd period
Austin Watson from Monsters is suspended for 1 game(s)

Finance

Level 1 -- Attendance: 1622 (81.10%) -- Ticket Income $56,770
Level 2 -- Attendance: 689 (68.90%) -- Ticket Income $10,335
Total Attendance: 2311 (77.03%)
Total Ticket Income: $67,105
Other Income: $32,881
Total Income: $99,986

Monsters

5 vs 5 Forward 
   Center                   Left Wing                Right Wing               Time % Phy DF OF 
 1 Austin Watson            Mitch Callahan           Steven Pinizzotto        35     1   2  2  
 2 Cal O'Reilly             Quinton Howden           Viktor Arvidsson         30     1   2  2  
 3 Jordan Weal              Jeff Hoggan              Austin Watson            22     1   2  2  
 4 Scott Timmins            Blair Riley              Cal O'Reilly             13     1   2  2  

5 vs 5 Defense 
   Defense                  Defense                                           Time % Phy DF OF 
 1 Trevor van Riemsdyk      Kris Fredheim                                     35     1   2  2  
 2 Brandon Montour          Matt MacKenzie                                    30     1   2  2  
 3 Troy Rutkowski           FARM PLAYER13                                     22     1   2  2  
 4 Trevor van Riemsdyk      Kris Fredheim                                     13     1   2  2  

PowerPlay Forward 
   Center                   Left Wing                Right Wing               Time % Phy DF OF 
 1 Austin Watson            Mitch Callahan           Steven Pinizzotto        60     1   2  2  
 2 Cal O'Reilly             Quinton Howden           Viktor Arvidsson         40     1   2  2  

PowerPlay Defense
   Defense                  Defense                                           Time % Phy DF OF 
 1 Trevor van Riemsdyk      Kris Fredheim                                     60     1   2  2  
 2 Brandon Montour          Matt MacKenzie                                    40     1   2  2  

Penalty Kill 4 Players Forward 
   Center                   Wing                     Time % Phy DF OF 
 1 Austin Watson            Cal O'Reilly             60     1   2  2  
 2 Jordan Weal              Mitch Callahan           40     1   2  2  

Penalty Kill 4 Players Defense
   Defense                  Defense                  Time % Phy DF OF 
 1 Trevor van Riemsdyk      Kris Fredheim            60     1   2  2  
 2 Brandon Montour          Matt MacKenzie           40     1   2  2  

Penalty Kill - 3 Players Forward 
   Forward                                           Time % Phy DF OF 
 1 Austin Watson                                     60     1   2  2  
 2 Cal O'Reilly                                      40     1   2  2  

Penalty Kill - 3 Players Defense
   Defense                  Defense                  Time % Phy DF OF 
 1 Trevor van Riemsdyk      Kris Fredheim            60     1   2  2  
 2 Brandon Montour          Matt MacKenzie           40     1   2  2  

4 vs 4 Forward 
   Center                   Wing                     Time % Phy DF OF 
 1 Austin Watson            Cal O'Reilly             60     1   2  2  
 2 Jordan Weal              Mitch Callahan           40     1   2  2  

4 vs 4 Defense
   Defense                  Defense                  Time % Phy DF OF 
 1 Trevor van Riemsdyk      Kris Fredheim            60     1   2  2  
 2 Brandon Montour          Matt MacKenzie           40     1   2  2  

Last Minutes Offensive
   Center                   Left Wing                Right Wing               Defense                  Defense                  
   Austin Watson            Mitch Callahan           Steven Pinizzotto        Trevor van Riemsdyk      Kris Fredheim            

Last Minutes Defensive
   Center                   Left Wing                Right Wing               Defense                  Defense                  
   Austin Watson            Mitch Callahan           Steven Pinizzotto        Trevor van Riemsdyk      Kris Fredheim            

Goaltenders
Starting : FARM GOALIE2             
Backup : FARM GOALIE23            

Extra Forwards
Normal : Charles Hudon, Chase Balisy, Scott Timmins - PP : Charles Hudon, Chase Balisy - PK : Scott Timmins
Extra Defensemen
Normal : Troy Rutkowski, FARM PLAYER13, Brandon Montour - PP : Troy Rutkowski - PK : FARM PLAYER13, Brandon Montour
Penalty Shots
Austin Watson, Cal O'Reilly, Jordan Weal, Mitch Callahan, Steven Pinizzotto

Wild

5 vs 5 Forward 
   Center                   Left Wing                Right Wing               Time % Phy DF OF 
 1 David Wolf               Dan Catenacci            Micheal Haley            35     1   2  2  
 2 Devin Shore              Anthony Camara           Michael Keranen          30     1   2  2  
 3 Mark Van Guilder         Francis Wathier          Garrett Mitchell         22     1   2  2  
 4 Alex Friesen             Colin Stuart             Cam Janssen              13     1   2  2  

5 vs 5 Defense 
   Defense                  Defense                                           Time % Phy DF OF 
 1 Steve Eminger            Julius Honka                                      35     1   2  2  
 2 Jerome Leduc             Mike Moore                                        30     1   2  2  
 3 Jani Hakanpaa            Jon Landry                                        22     1   2  2  
 4 Jon Landry               Steve Eminger                                     13     1   2  2  

PowerPlay Forward 
   Center                   Left Wing                Right Wing               Time % Phy DF OF 
 1 Alex Friesen             Micheal Haley            Michael Keranen          60     1   2  2  
 2 Mark Van Guilder         Colin Stuart             Dan Catenacci            40     1   2  2  

PowerPlay Defense
   Defense                  Defense                                           Time % Phy DF OF 
 1 Steve Eminger            Julius Honka                                      60     1   2  2  
 2 Jon Landry               Mike Moore                                        40     1   2  2  

Penalty Kill 4 Players Forward 
   Center                   Wing                     Time % Phy DF OF 
 1 Devin Shore              Mark Van Guilder         60     1   2  2  
 2 Micheal Haley            Colin Stuart             40     1   2  2  

Penalty Kill 4 Players Defense
   Defense                  Defense                  Time % Phy DF OF 
 1 Steve Eminger            Julius Honka             60     1   2  2  
 2 Jon Landry               Mike Moore               40     1   2  2  

Penalty Kill - 3 Players Forward 
   Forward                                           Time % Phy DF OF 
 1 Devin Shore                                       60     1   2  2  
 2 Mark Van Guilder                                  40     1   2  2  

Penalty Kill - 3 Players Defense
   Defense                  Defense                  Time % Phy DF OF 
 1 Steve Eminger            Julius Honka             60     1   2  2  
 2 Jon Landry               Mike Moore               40     1   2  2  

4 vs 4 Forward 
   Center                   Wing                     Time % Phy DF OF 
 1 Alex Friesen             Mark Van Guilder         60     1   2  2  
 2 Micheal Haley            Colin Stuart             40     1   2  2  

4 vs 4 Defense
   Defense                  Defense                  Time % Phy DF OF 
 1 Steve Eminger            Julius Honka             60     1   2  2  
 2 Jon Landry               Mike Moore               40     1   2  2  

Last Minutes Offensive
   Center                   Left Wing                Right Wing               Defense                  Defense                  
   David Wolf               Micheal Haley            Michael Keranen          Steve Eminger            Julius Honka             

Last Minutes Defensive
   Center                   Left Wing                Right Wing               Defense                  Defense                  
   Alex Friesen             Micheal Haley            Michael Keranen          Steve Eminger            Julius Honka             

Goaltenders
Starting : Doug Carr                
Backup : Jordan Binnington        

Extra Forwards
Normal : Devin Shore, Colin Stuart, Alex Friesen - PP : Devin Shore, Colin Stuart - PK : Alex Friesen
Extra Defensemen
Normal : Jani Hakanpaa, Jerome Leduc, Jon Landry - PP : Jani Hakanpaa - PK : Jerome Leduc, Jon Landry
Penalty Shots
Devin Shore, Mark Van Guilder, Micheal Haley, Colin Stuart, Dan Catenacci

% Time on Ice - Monsters

Lines # - Real PCT - Wanted PCT - Time Play
Normal Forward
1 - 29% - 35% - 14:43
2 - 27% - 30% - 13:37
3 - 26% - 22% - 12:49
4 - 18% - 13% - 8:56
Normal Defense
1 - 32% - 35% - 15:53
2 - 32% - 30% - 16:00
3 - 26% - 22% - 12:53
4 - 11% - 13% - 5:19
PP Forward
1 - 54% - 60% - 4:15
2 - 46% - 40% - 3:41
PP Defense
1 - 47% - 60% - 3:44
2 - 53% - 40% - 4:12
PK Forward
1 - 100% - 60% - 1:59
2 - 0% - 40% - 0:00
PK Defense
1 - 58% - 60% - 1:09
2 - 42% - 40% - 0:50
PK3 Forward
1 - 0% - 60%
2 - 0% - 40%
PK3 Defense
1 - 0% - 60%
2 - 0% - 40%
44 Forward
1 - 0% - 60%
2 - 0% - 40%
44 Defense
1 - 0% - 60%
2 - 0% - 40%
Last Minute Offensive  - 0:00
Last Minute Defensive  - 0:00
Total
Forward - 60:00
Defense - 60:00

% Time on Ice - Wild

Lines # - Real PCT - Wanted PCT - Time Play
Normal Forward
1 - 31% - 35% - 15:42
2 - 28% - 30% - 14:07
3 - 22% - 22% - 10:58
4 - 19% - 13% - 9:18
Normal Defense
1 - 30% - 35% - 15:04
2 - 33% - 30% - 16:36
3 - 24% - 22% - 12:07
4 - 13% - 13% - 6:18
PP Forward
1 - 51% - 60% - 1:01
2 - 49% - 40% - 0:58
PP Defense
1 - 61% - 60% - 1:13
2 - 39% - 40% - 0:46
PK Forward
1 - 80% - 60% - 6:23
2 - 20% - 40% - 1:33
PK Defense
1 - 53% - 60% - 4:12
2 - 47% - 40% - 3:44
PK3 Forward
1 - 0% - 60%
2 - 0% - 40%
PK3 Defense
1 - 0% - 60%
2 - 0% - 40%
44 Forward
1 - 0% - 60%
2 - 0% - 40%
44 Defense
1 - 0% - 60%
2 - 0% - 40%
Last Minute Offensive  - 0:00
Last Minute Defensive  - 0:00
Total
Forward - 60:00
Defense - 60:00

Play by Play

1st period


0:01 of 1st period - David Wolf wins face-off versus Austin Watson in neutral zone.
0:25 of 1st period - Snap shot by Steven Pinizzotto.
0:25 of 1st period - Shot Misses the Net.
0:27 of 1st period - Wrist shot by Steven Pinizzotto.
0:27 of 1st period - Stopped by Doug Carr with a rebound.
0:29 of 1st period - Slapshot by Kris Fredheim.
0:29 of 1st period - Shot Misses the Net.
0:31 of 1st period - Snap shot by Austin Watson.
0:31 of 1st period - Stopped by Doug Carr with a rebound.
0:33 of 1st period - Snap shot by Mitch Callahan.
0:33 of 1st period - Shot Misses the Net.
2:08 of 1st period - Wrist shot by Francis Wathier.
2:08 of 1st period - Shot Blocked by Jordan Weal.
2:10 of 1st period - Slapshot by Garrett Mitchell.
2:10 of 1st period - Goal by Garrett Mitchell - Monsters : 0 - Wild : 1.
2:11 of 1st period - Alex Friesen wins face-off versus Scott Timmins in neutral zone.
2:21 of 1st period - Wrist shot by Colin Stuart.
2:21 of 1st period - Shot Misses the Net.
3:53 of 1st period - Micheal Haley is hit by Trevor van Riemsdyk and loses puck.
4:10 of 1st period - Jordan Weal is hit by Micheal Haley and loses puck.
5:14 of 1st period - Wrist shot by Quinton Howden.
5:14 of 1st period - Shot Misses the Net.
5:16 of 1st period - Slapshot by Troy Rutkowski.
5:16 of 1st period - Stopped by Doug Carr with a rebound.
5:18 of 1st period - Slapshot by Cal O'Reilly.
5:18 of 1st period - Shot Blocked by Jon Landry.
5:54 of 1st period - Julius Honka is hit by Charles Hudon and loses puck.
6:01 of 1st period - Wrist shot by Michael Keranen.
6:01 of 1st period - Stopped by FARM GOALIE2 with a rebound.
6:52 of 1st period - Wrist shot by Cal O'Reilly.
6:52 of 1st period - Shot Misses the Net.
7:15 of 1st period - Snap shot by Steven Pinizzotto.
7:15 of 1st period - Stopped by Doug Carr without a rebound.
7:16 of 1st period - Alex Friesen wins face-off versus Austin Watson in Wild zone.
7:41 of 1st period - Brandon Montour is hit by Alex Friesen and loses puck.
7:48 of 1st period - Slapshot by Alex Friesen.
7:48 of 1st period - Stopped by FARM GOALIE2 with a rebound.
8:23 of 1st period - Kris Fredheim is hit by Anthony Camara and loses puck.
8:46 of 1st period - Micheal Haley is hit by Trevor van Riemsdyk and loses puck.
9:41 of 1st period - Steven Pinizzotto is hit by David Wolf and loses puck.
9:49 of 1st period - Jon Landry and Austin Watson fight to a draw.
9:49 of 1st period - Penalty to Jon Landry for Fighting.
9:49 of 1st period - Penalty to Austin Watson for Fighting.
9:49 of 1st period - Penalty to Jon Landry for instigated a fight.
9:49 of 1st period - Penalty to Jon Landry for instigated a fight.
9:50 of 1st period - Devin Shore wins face-off versus Cal O'Reilly in Monsters zone.
10:38 of 1st period - Icing by Steven Pinizzotto.
10:39 of 1st period - Devin Shore wins face-off versus Charles Hudon in Monsters zone.
10:48 of 1st period - Mike Moore is hit by Charles Hudon and loses puck.
11:13 of 1st period - Colin Stuart is hit by Brandon Montour.
11:17 of 1st period - Quinton Howden is hit by Colin Stuart and loses puck.
11:49 of 1st period - Penalty to Jon Landry is over, Cam Janssen is send on ice.
11:58 of 1st period - Wrist shot by Mitch Callahan.
11:58 of 1st period - Shot Misses the Net.
12:00 of 1st period - Snap shot by Steven Pinizzotto.
12:00 of 1st period - Deflect By Mitch Callahan.
12:00 of 1st period - Stopped by Doug Carr with a rebound.
12:02 of 1st period - Snap shot by Mitch Callahan.
12:02 of 1st period - Stopped by Doug Carr with a rebound.
12:04 of 1st period - Slapshot by Chase Balisy.
12:04 of 1st period - Stopped by Doug Carr with a rebound.
12:06 of 1st period - Snap shot by Mitch Callahan.
12:06 of 1st period - Shot Misses the Net.
12:16 of 1st period - Scott Timmins is hit by Julius Honka and loses puck.
12:21 of 1st period - Backhand shot by Dan Catenacci.
12:21 of 1st period - Shot Misses the Net.
12:23 of 1st period - Slapshot by Jani Hakanpaa.
12:23 of 1st period - Stopped by FARM GOALIE2 with a rebound.
12:25 of 1st period - Slapshot by Dan Catenacci.
12:25 of 1st period - Shot Misses the Net.
12:35 of 1st period - Slapshot by Dan Catenacci.
12:35 of 1st period - Shot Hit the Post.
12:37 of 1st period - Slapshot by David Wolf.
12:37 of 1st period - Shot Blocked by Troy Rutkowski.
12:39 of 1st period - Snap shot by Dan Catenacci.
12:39 of 1st period - Deflect By Jordan Weal.
12:39 of 1st period - Stopped by FARM GOALIE2 with a rebound.
12:41 of 1st period - Wrist shot by Micheal Haley.
12:41 of 1st period - Goal by Micheal Haley - Monsters : 0 - Wild : 2.
12:42 of 1st period - Mark Van Guilder wins face-off versus Cal O'Reilly in neutral zone.
12:47 of 1st period - Quinton Howden is hit by Garrett Mitchell and loses puck.
13:24 of 1st period - Off-side.
13:25 of 1st period - Colin Stuart wins face-off versus Jordan Weal in neutral zone.
13:48 of 1st period - Brandon Montour is hit by Alex Friesen.
13:53 of 1st period - Colin Stuart beats up Jeff Hoggan.
13:53 of 1st period - Penalty to Colin Stuart for Fighting.
13:53 of 1st period - Penalty to Jeff Hoggan for Fighting.
13:54 of 1st period - Devin Shore wins face-off versus Charles Hudon in neutral zone.
15:00 of 1st period - Minor Penalty to Anthony Camara for Tripping.
15:01 of 1st period - Austin Watson wins face-off versus Devin Shore in Wild zone.
15:54 of 1st period - Brandon Montour is hit by Mark Van Guilder and loses puck.
16:01 of 1st period - Mike Moore is hit by Viktor Arvidsson and loses puck.
16:24 of 1st period - Mike Moore is hit by Mitch Callahan and loses puck.
16:53 of 1st period - Mark Van Guilder is hit by Cal O'Reilly.
17:00 of 1st period - Penalty to Anthony Camara is over, Anthony Camara is back on ice.
17:03 of 1st period - Icing by Viktor Arvidsson.
17:04 of 1st period - Jordan Weal wins face-off versus David Wolf in Monsters zone.
17:11 of 1st period - Dan Catenacci is hit by Charles Hudon.
17:23 of 1st period - Snap shot by Austin Watson.
17:23 of 1st period - Goal by Austin Watson - Monsters : 1 - Wild : 2.
17:24 of 1st period - David Wolf wins face-off versus Scott Timmins in neutral zone.
17:35 of 1st period - Wrist shot by David Wolf.
17:35 of 1st period - Stopped by FARM GOALIE2 with a rebound.
17:37 of 1st period - Snap shot by David Wolf.
17:37 of 1st period - Shot Blocked by Cal O'Reilly.
17:39 of 1st period - Slapshot by Steve Eminger.
17:39 of 1st period - Shot Misses the Net.
17:41 of 1st period - Slapshot by Dan Catenacci.
17:41 of 1st period - Stopped by FARM GOALIE2 without a rebound.
17:42 of 1st period - Scott Timmins wins face-off versus David Wolf in Monsters zone.
18:44 of 1st period - Wrist shot by Steven Pinizzotto.
18:44 of 1st period - Deflect By Mitch Callahan.
18:44 of 1st period - Shot Blocked by Jani Hakanpaa.
18:44 of 1st period - Puck is out of play.
18:45 of 1st period - Francis Wathier wins face-off versus Jordan Weal in Wild zone.
Goals for this period are 1 for Monsters vs 2 for Wild.
Shots for this period are 8 for Monsters vs 8 for Wild.

2nd period


0:01 of 2nd period - Devin Shore wins face-off versus Austin Watson in neutral zone.
1:11 of 2nd period - Cal O'Reilly is hit by Micheal Haley and loses puck.
1:45 of 2nd period - Jeff Hoggan beats up Francis Wathier.
1:45 of 2nd period - Penalty to Francis Wathier for Fighting.
1:45 of 2nd period - Penalty to Jeff Hoggan for Fighting.
1:46 of 2nd period - Michael Keranen wins face-off versus Austin Watson in Monsters zone.
1:49 of 2nd period - Wrist shot by Devin Shore.
1:49 of 2nd period - Shot Blocked by Austin Watson.
1:55 of 2nd period - Mike Moore is hit by Kris Fredheim and loses puck.
2:30 of 2nd period - Slapshot by Scott Timmins.
2:30 of 2nd period - Shot Blocked by Mike Moore.
2:32 of 2nd period - Snap shot by Blair Riley.
2:32 of 2nd period - Stopped by Doug Carr with a rebound.
2:34 of 2nd period - Wrist shot by Cal O'Reilly.
2:34 of 2nd period - Shot Misses the Net.
2:36 of 2nd period - Slapshot by Troy Rutkowski.
2:36 of 2nd period - Shot Blocked by Mike Moore.
2:38 of 2nd period - Snap shot by Cal O'Reilly.
2:38 of 2nd period - Stopped by Doug Carr with a rebound.
2:50 of 2nd period - Slapshot by Cal O'Reilly.
2:50 of 2nd period - Shot Misses the Net.
2:52 of 2nd period - Slapshot by Troy Rutkowski.
2:52 of 2nd period - Deflect By Scott Timmins.
2:52 of 2nd period - Stopped by Doug Carr with a rebound.
3:18 of 2nd period - Wrist shot by Cal O'Reilly.
3:18 of 2nd period - Stopped by Doug Carr without a rebound.
3:19 of 2nd period - Dan Catenacci wins face-off versus Jordan Weal in Wild zone.
3:30 of 2nd period - Snap shot by Jordan Weal.
3:30 of 2nd period - Stopped by Doug Carr with a rebound.
3:32 of 2nd period - Slapshot by Matt MacKenzie.
3:32 of 2nd period - Shot Blocked by Steve Eminger.
3:34 of 2nd period - Slapshot by Brandon Montour.
3:34 of 2nd period - Stopped by Doug Carr without a rebound.
3:35 of 2nd period - Jordan Weal wins face-off versus David Wolf in Wild zone.
3:52 of 2nd period - Snap shot by Jordan Weal.
3:52 of 2nd period - Deflect By Austin Watson.
3:52 of 2nd period - Shot Misses the Net.
3:52 of 2nd period - Puck is out of play.
3:53 of 2nd period - Mark Van Guilder wins face-off versus Cal O'Reilly in Wild zone.
4:49 of 2nd period - 10 Minutes Misconduct Penalty to Jon Landry is over.
4:52 of 2nd period - Slapshot by Mitch Callahan.
4:52 of 2nd period - Shot Blocked by Julius Honka.
4:54 of 2nd period - Snap shot by Steven Pinizzotto.
4:54 of 2nd period - Shot Misses the Net.
4:56 of 2nd period - Snap shot by Troy Rutkowski.
4:56 of 2nd period - Stopped by Doug Carr with a rebound.
4:58 of 2nd period - Snap shot by Steven Pinizzotto.
4:58 of 2nd period - Shot Blocked by Julius Honka.
5:12 of 2nd period - Snap shot by Scott Timmins.
5:12 of 2nd period - Deflect By David Wolf.
5:12 of 2nd period - Stopped by Doug Carr without a rebound.
5:13 of 2nd period - Alex Friesen wins face-off versus Scott Timmins in Wild zone.
5:20 of 2nd period - Cal O'Reilly is hit by Cam Janssen and loses puck.
5:54 of 2nd period - Matt MacKenzie is hit by Garrett Mitchell and loses puck.
6:00 of 2nd period - Icing by Jordan Weal.
6:01 of 2nd period - Mark Van Guilder wins face-off versus Austin Watson in Monsters zone.
6:26 of 2nd period - Slapshot by David Wolf.
6:26 of 2nd period - Stopped by FARM GOALIE2 with a rebound.
6:28 of 2nd period - Backhand shot by Dan Catenacci.
6:28 of 2nd period - Deflect By David Wolf.
6:28 of 2nd period - Shot Misses the Net.
6:28 of 2nd period - Puck is out of play.
6:29 of 2nd period - David Wolf wins face-off versus Cal O'Reilly in Monsters zone.
6:44 of 2nd period - Slapshot by David Wolf.
6:44 of 2nd period - Stopped by FARM GOALIE2 with a rebound.
6:46 of 2nd period - Wrist shot by Micheal Haley.
6:46 of 2nd period - Stopped by FARM GOALIE2 with a rebound.
8:11 of 2nd period - Snap shot by Mark Van Guilder.
8:11 of 2nd period - Shot Misses the Net.
8:13 of 2nd period - Slapshot by Steve Eminger.
8:13 of 2nd period - Shot Misses the Net.
8:15 of 2nd period - Wrist shot by Garrett Mitchell.
8:15 of 2nd period - Shot Misses the Net.
9:15 of 2nd period - Snap shot by Mitch Callahan.
9:15 of 2nd period - Stopped by Doug Carr with a rebound.
9:17 of 2nd period - Slapshot by Trevor van Riemsdyk.
9:17 of 2nd period - Deflect By Steven Pinizzotto.
9:17 of 2nd period - Shot Misses the Net.
9:17 of 2nd period - Puck is out of play.
9:18 of 2nd period - David Wolf wins face-off versus Jordan Weal in Wild zone.
9:20 of 2nd period - Steve Eminger and Troy Rutkowski fight to a draw.
9:20 of 2nd period - Penalty to Steve Eminger for Fighting.
9:20 of 2nd period - Penalty to Troy Rutkowski for Fighting.
9:21 of 2nd period - David Wolf wins face-off versus Cal O'Reilly in neutral zone.
9:40 of 2nd period - Snap shot by Micheal Haley.
9:40 of 2nd period - Goal by Micheal Haley - Monsters : 1 - Wild : 3.
9:41 of 2nd period - Michael Keranen wins face-off versus Mitch Callahan in neutral zone.
9:47 of 2nd period - Mitch Callahan beats up Jani Hakanpaa.
9:47 of 2nd period - Penalty to Jani Hakanpaa for Fighting.
9:47 of 2nd period - Penalty to Mitch Callahan for Fighting.
9:48 of 2nd period - Devin Shore wins face-off versus Austin Watson in Monsters zone.
9:53 of 2nd period - Wrist shot by Michael Keranen.
9:53 of 2nd period - Deflect By Devin Shore.
9:53 of 2nd period - Shot Blocked by Steven Pinizzotto.
9:53 of 2nd period - Puck is out of play.
9:54 of 2nd period - Devin Shore wins face-off versus Steven Pinizzotto in Monsters zone.
10:03 of 2nd period - Backhand shot by Michael Keranen.
10:03 of 2nd period - Shot Misses the Net.
10:13 of 2nd period - Mike Moore is hit by Austin Watson and loses puck.
10:49 of 2nd period - Devin Shore is hit by Quinton Howden.
11:11 of 2nd period - Dan Catenacci is hit by Quinton Howden and loses puck.
11:18 of 2nd period - Cal O'Reilly is hit by Julius Honka.
11:19 of 2nd period - Icing by Cal O'Reilly.
11:20 of 2nd period - Mark Van Guilder wins face-off versus Cal O'Reilly in Monsters zone.
11:34 of 2nd period - Jeff Hoggan beats up Jon Landry.
11:34 of 2nd period - Penalty to Jon Landry for Fighting.
11:34 of 2nd period - Penalty to Jeff Hoggan for Fighting.
11:34 of 2nd period - Jeff Hoggan is ejected from game.
11:35 of 2nd period - David Wolf wins face-off versus Austin Watson in Monsters zone.
11:39 of 2nd period - Jerome Leduc beats up Austin Watson.
11:39 of 2nd period - Penalty to Jerome Leduc for Fighting.
11:39 of 2nd period - Penalty to Austin Watson for Fighting.
11:40 of 2nd period - David Wolf wins face-off versus Charles Hudon in Monsters zone.
12:53 of 2nd period - Wrist shot by Cal O'Reilly.
12:53 of 2nd period - Shot Misses the Net.
13:07 of 2nd period - Francis Wathier is hit by Kris Fredheim and loses puck.
14:04 of 2nd period - Icing by Alex Friesen.
14:05 of 2nd period - Scott Timmins wins face-off versus Alex Friesen in Wild zone.
14:13 of 2nd period - Snap shot by Viktor Arvidsson.
14:13 of 2nd period - Shot Misses the Net.
14:15 of 2nd period - Snap shot by Jordan Weal.
14:15 of 2nd period - Deflect By Viktor Arvidsson.
14:15 of 2nd period - Stopped by Doug Carr with a rebound.
14:17 of 2nd period - Slapshot by Brandon Montour.
14:17 of 2nd period - Shot Misses the Net.
14:19 of 2nd period - Slapshot by Kris Fredheim.
14:19 of 2nd period - Deflect By Colin Stuart.
14:19 of 2nd period - Stopped by Doug Carr with a rebound.
14:29 of 2nd period - Chase Balisy is hit by Colin Stuart and loses puck.
15:00 of 2nd period - Icing by Matt MacKenzie.
15:01 of 2nd period - FARM PLAYER13 wins face-off versus Devin Shore in Monsters zone.
15:01 of 2nd period - FARM PLAYER13 is hit by Michael Keranen.
15:17 of 2nd period - Snap shot by Michael Keranen.
15:17 of 2nd period - Shot Blocked by Steven Pinizzotto.
15:19 of 2nd period - Snap shot by Michael Keranen.
15:19 of 2nd period - Shot Blocked by FARM PLAYER13.
15:21 of 2nd period - Snap shot by Devin Shore.
15:21 of 2nd period - Shot Misses the Net.
15:29 of 2nd period - Wrist shot by Michael Keranen.
15:29 of 2nd period - Stopped by FARM GOALIE2 with a rebound.
15:31 of 2nd period - Snap shot by Devin Shore.
15:31 of 2nd period - Stopped by FARM GOALIE2 with a rebound.
15:33 of 2nd period - Slapshot by Steve Eminger.
15:33 of 2nd period - Shot Misses the Net.
15:35 of 2nd period - Snap shot by Jani Hakanpaa.
15:35 of 2nd period - Deflect By Michael Keranen.
15:35 of 2nd period - Shot Misses the Net.
15:35 of 2nd period - Puck is out of play.
15:36 of 2nd period - David Wolf wins face-off versus Cal O'Reilly in Monsters zone.
16:28 of 2nd period - Jani Hakanpaa is hit by Kris Fredheim and loses puck.
17:06 of 2nd period - Troy Rutkowski is hit by Cam Janssen and loses puck.
18:24 of 2nd period - Slapshot by Jani Hakanpaa.
18:24 of 2nd period - Shot Blocked by Trevor van Riemsdyk.
18:34 of 2nd period - Cal O'Reilly is hit by David Wolf and loses puck.
18:43 of 2nd period - David Wolf is hit by Scott Timmins and loses puck.
19:25 of 2nd period - FARM PLAYER13 is hit by Jerome Leduc and loses puck.
Goals for this period are 0 for Monsters vs 1 for Wild.
Shots for this period are 11 for Monsters vs 6 for Wild.

3rd period


0:01 of 3rd period - Austin Watson wins face-off versus David Wolf in neutral zone.
0:16 of 3rd period - Wrist shot by David Wolf.
0:16 of 3rd period - Shot Blocked by Trevor van Riemsdyk.
0:24 of 3rd period - Snap shot by David Wolf.
0:24 of 3rd period - Stopped by FARM GOALIE2 with a rebound.
0:26 of 3rd period - Slapshot by Julius Honka.
0:26 of 3rd period - Shot Misses the Net.
0:28 of 3rd period - Slapshot by David Wolf.
0:28 of 3rd period - Shot Misses the Net.
0:30 of 3rd period - Slapshot by Julius Honka.
0:30 of 3rd period - Shot Misses the Net.
0:32 of 3rd period - Slapshot by Steve Eminger.
0:32 of 3rd period - Stopped by FARM GOALIE2 with a rebound.
0:34 of 3rd period - Slapshot by Steve Eminger.
0:34 of 3rd period - Deflect By Mitch Callahan.
0:34 of 3rd period - Stopped by FARM GOALIE2 with a rebound.
0:46 of 3rd period - Snap shot by Garrett Mitchell.
0:46 of 3rd period - Shot Misses the Net.
1:08 of 3rd period - Snap shot by Mark Van Guilder.
1:08 of 3rd period - Shot Misses the Net.
1:10 of 3rd period - Slapshot by Mark Van Guilder.
1:10 of 3rd period - Shot Blocked by Trevor van Riemsdyk.
1:12 of 3rd period - Slapshot by Mike Moore.
1:12 of 3rd period - Shot Hit the Post.
1:14 of 3rd period - Slapshot by Mike Moore.
1:14 of 3rd period - Deflect By Mitch Callahan.
1:14 of 3rd period - Stopped by FARM GOALIE2 with a rebound.
1:26 of 3rd period - Mitch Callahan is hit by Mike Moore.
1:29 of 3rd period - Icing by Steven Pinizzotto.
1:30 of 3rd period - Devin Shore wins face-off versus Austin Watson in Monsters zone.
1:37 of 3rd period - Snap shot by Michael Keranen.
1:37 of 3rd period - Shot Misses the Net.
1:39 of 3rd period - Wrist shot by Anthony Camara.
1:39 of 3rd period - Stopped by FARM GOALIE2 with a rebound.
2:46 of 3rd period - Slapshot by Viktor Arvidsson.
2:46 of 3rd period - Stopped by Doug Carr with a rebound.
2:48 of 3rd period - Slapshot by Troy Rutkowski.
2:48 of 3rd period - Stopped by Doug Carr with a rebound.
3:08 of 3rd period - Snap shot by Scott Timmins.
3:08 of 3rd period - Stopped by Doug Carr with a rebound.
3:32 of 3rd period - Slapshot by David Wolf.
3:32 of 3rd period - Shot Blocked by Brandon Montour.
4:25 of 3rd period - Steve Eminger is hit by Brandon Montour and loses puck.
4:52 of 3rd period - Jordan Weal is hit by Steve Eminger and loses puck.
4:59 of 3rd period - Slapshot by Michael Keranen.
4:59 of 3rd period - Shot Misses the Net.
5:37 of 3rd period - Slapshot by Trevor van Riemsdyk.
5:37 of 3rd period - Shot Blocked by Jerome Leduc.
5:43 of 3rd period - Viktor Arvidsson is hit by Mike Moore.
6:09 of 3rd period - Slapshot by Jordan Weal.
6:09 of 3rd period - Stopped by Doug Carr with a rebound.
6:11 of 3rd period - Slapshot by Brandon Montour.
6:11 of 3rd period - Stopped by Doug Carr without a rebound.
6:12 of 3rd period - Alex Friesen wins face-off versus Jordan Weal in Wild zone.
6:43 of 3rd period - Cal O'Reilly is hit by Jerome Leduc and loses puck.
6:56 of 3rd period - Wrist shot by Viktor Arvidsson.
6:56 of 3rd period - Stopped by Doug Carr with a rebound.
7:08 of 3rd period - Brandon Montour is hit by Michael Keranen and loses puck.
7:27 of 3rd period - Minor Penalty to Steven Pinizzotto for Tripping.
7:28 of 3rd period - Mark Van Guilder wins face-off versus Austin Watson in Monsters zone.
8:06 of 3rd period - Matt MacKenzie is hit by Micheal Haley and loses puck.
8:52 of 3rd period - Scott Timmins is hit by Dan Catenacci and loses puck.
9:27 of 3rd period - Penalty to Steven Pinizzotto is over, Steven Pinizzotto is back on ice.
9:49 of 3rd period - Micheal Haley is hit by Viktor Arvidsson and loses puck.
10:16 of 3rd period - Snap shot by Garrett Mitchell.
10:16 of 3rd period - Shot Misses the Net.
10:18 of 3rd period - Wrist shot by Jerome Leduc.
10:18 of 3rd period - Goal by Jerome Leduc - Monsters : 1 - Wild : 4.
10:19 of 3rd period - Austin Watson wins face-off versus Mark Van Guilder in neutral zone.
10:43 of 3rd period - Minor Penalty to Garrett Mitchell for Hooking.
10:44 of 3rd period - Devin Shore wins face-off versus Cal O'Reilly in Wild zone.
11:07 of 3rd period - Mike Moore is hit by Matt MacKenzie and loses puck.
11:54 of 3rd period - Devin Shore is hit by Quinton Howden and loses puck.
12:09 of 3rd period - Steve Eminger is hit by Matt MacKenzie and loses puck.
12:26 of 3rd period - Brandon Montour is hit by Francis Wathier and loses puck.
12:43 of 3rd period - Penalty to Garrett Mitchell is over, Garrett Mitchell is back on ice.
12:51 of 3rd period - Cal O'Reilly is hit by Micheal Haley and loses puck.
13:49 of 3rd period - Slapshot by Trevor van Riemsdyk.
13:49 of 3rd period - Shot Blocked by Mark Van Guilder.
13:51 of 3rd period - Snap shot by Kris Fredheim.
13:51 of 3rd period - Deflect By Viktor Arvidsson.
13:51 of 3rd period - Stopped by Doug Carr with a rebound.
14:38 of 3rd period - Minor Penalty to Anthony Camara for Interference.
14:39 of 3rd period - Austin Watson wins face-off versus Devin Shore in Wild zone.
14:52 of 3rd period - Slapshot by Brandon Montour.
14:52 of 3rd period - Deflect By Mitch Callahan.
14:52 of 3rd period - Shot Blocked by Mark Van Guilder.
14:52 of 3rd period - Puck is out of play.
14:53 of 3rd period - Devin Shore wins face-off versus Austin Watson in Wild zone.
15:18 of 3rd period - Wrist shot by Colin Stuart.
15:18 of 3rd period - Shot Misses the Net.
15:20 of 3rd period - Slapshot by Steve Eminger.
15:20 of 3rd period - Goal by Steve Eminger - Monsters : 1 - Wild : 5.
15:21 of 3rd period - Cal O'Reilly wins face-off versus Devin Shore in neutral zone.
16:11 of 3rd period - Snap shot by Steven Pinizzotto.
16:11 of 3rd period - Shot Misses the Net.
16:13 of 3rd period - Slapshot by Brandon Montour.
16:13 of 3rd period - Stopped by Doug Carr with a rebound.
16:15 of 3rd period - Snap shot by Austin Watson.
16:15 of 3rd period - Shot Blocked by Julius Honka.
16:17 of 3rd period - Wrist shot by Steven Pinizzotto.
16:17 of 3rd period - Deflect By Mitch Callahan.
16:17 of 3rd period - Shot Misses the Net.
16:17 of 3rd period - Puck is out of play.
16:18 of 3rd period - Austin Watson wins face-off versus Micheal Haley in Wild zone.
16:23 of 3rd period - Snap shot by Mitch Callahan.
16:23 of 3rd period - Stopped by Doug Carr with a rebound.
16:25 of 3rd period - Slapshot by Matt MacKenzie.
16:25 of 3rd period - Stopped by Doug Carr with a rebound.
16:27 of 3rd period - Snap shot by Brandon Montour.
16:27 of 3rd period - Deflect By Colin Stuart.
16:27 of 3rd period - Stopped by Doug Carr with a rebound.
16:29 of 3rd period - Slapshot by Brandon Montour.
16:29 of 3rd period - Stopped by Doug Carr without a rebound.
16:30 of 3rd period - Micheal Haley wins face-off versus Austin Watson in Wild zone.
16:38 of 3rd period - Penalty to Anthony Camara is over, Anthony Camara is back on ice.
16:42 of 3rd period - Icing by Steven Pinizzotto.
16:43 of 3rd period - David Wolf wins face-off versus Austin Watson in Monsters zone.
16:53 of 3rd period - Off-side.
16:54 of 3rd period - Cal O'Reilly wins face-off versus Micheal Haley in neutral zone.
17:41 of 3rd period - Colin Stuart and Austin Watson fight to a draw.
17:41 of 3rd period - Penalty to Colin Stuart for Fighting.
17:41 of 3rd period - Penalty to Austin Watson for Fighting.
17:41 of 3rd period - Austin Watson is ejected from game.
17:42 of 3rd period - Charles Hudon wins face-off versus Michael Keranen in Monsters zone.
17:47 of 3rd period - Snap shot by Mitch Callahan.
17:47 of 3rd period - Stopped by Doug Carr without a rebound.
17:48 of 3rd period - Devin Shore wins face-off versus Charles Hudon in Wild zone.
18:03 of 3rd period - Wrist shot by Steven Pinizzotto.
18:03 of 3rd period - Stopped by Doug Carr with a rebound.
18:07 of 3rd period - Backhand shot by Charles Hudon.
18:07 of 3rd period - Shot Misses the Net.
18:09 of 3rd period - Snap shot by Mitch Callahan.
18:09 of 3rd period - Shot Blocked by Steve Eminger.
18:11 of 3rd period - Snap shot by Charles Hudon.
18:11 of 3rd period - Shot Blocked by Steve Eminger.
18:13 of 3rd period - Slapshot by Trevor van Riemsdyk.
18:13 of 3rd period - Deflect By Steve Eminger.
18:13 of 3rd period - Stopped by Doug Carr with a rebound.
18:15 of 3rd period - Snap shot by Charles Hudon.
18:15 of 3rd period - Shot Misses the Net.
18:17 of 3rd period - Wrist shot by Kris Fredheim.
18:17 of 3rd period - Stopped by Doug Carr with a rebound.
18:37 of 3rd period - Quinton Howden is hit by Micheal Haley and loses puck.
18:46 of 3rd period - Snap shot by David Wolf.
18:46 of 3rd period - Shot Misses the Net.
18:48 of 3rd period - Wrist shot by Dan Catenacci.
18:48 of 3rd period - Deflect By David Wolf.
18:48 of 3rd period - Stopped by FARM GOALIE2 with a rebound.
18:50 of 3rd period - Slapshot by Jerome Leduc.
18:50 of 3rd period - Shot Misses the Net.
18:52 of 3rd period - Slapshot by David Wolf.
18:52 of 3rd period - Shot Blocked by Trevor van Riemsdyk.
18:54 of 3rd period - Wrist shot by Micheal Haley.
18:54 of 3rd period - Deflect By David Wolf.
18:54 of 3rd period - Shot Misses the Net.
18:54 of 3rd period - Puck is out of play.
18:55 of 3rd period - Jordan Weal wins face-off versus Mark Van Guilder in Monsters zone.
19:12 of 3rd period - Matt MacKenzie is hit by Mike Moore and loses puck.
Goals for this period are 0 for Monsters vs 2 for Wild.
Shots for this period are 16 for Monsters vs 8 for Wild.